Map: Triton LE

Players

SKillous

  • Race: Protoss Protoss
  • League: Grandmaster
  • Spawn Location: 5:00

Clem - Winner!

  • Race: Terran Terran
  • League: Master
  • Spawn Location: 11:00

VOD

Have the link to the VOD?

Description

Time

  • Played on: Jan. 14, 2020, 1:12 p.m.
  • Length: 7:54
Show
View Real Time Build Order
Export as new Build Order

SKillous Protoss 

Build Orders: 1 Gate Expand, Oracle Opening 

Get SALT Encoding   

  12  0:01  Probe  
  13  0:13  Probe  
  14  0:17  Pylon  
  14  0:25  Probe  
  15  0:36  Gateway  
  15  0:37  Probe (Chrono Boost)  
  16  0:43  Assimilator  
  16  0:47  Probe (Chrono Boost)  
  17  0:52  Probe  
  18  1:05  Probe  
  19  1:17  Probe  
  20  1:22  Cybernetics Core  
  20  1:34  Nexus  
  20  1:36  Probe  
  21  1:42  Pylon  
  21  1:47  Assimilator  
  21  1:50  Probe  
  22  1:57  Adept (Chrono Boost)  
  24  2:02  Probe  
  25  2:15  Probe  
  26  2:18  Adept (Chrono Boost)  
  28  2:27  Probe  
  29  2:30  Stargate  
  23  2:37  Warp Gate  
  29  2:41  Probe (Chrono Boost)  
  30  2:45  Adept  
  30  2:46  Probe (Chrono Boost)  
  34  2:56  Probe x2 (Chrono Boost)  
  35  3:01  Probe (Chrono Boost)  
  35  3:03  Probe  
  37  3:10  Pylon, Oracle (Chrono Boost)  
  37  3:13  Probe  
  37  3:15  Probe  
  42  3:25  Probe  
  43  3:27  Probe  
  44  3:37  Probe  
  44  3:39  Probe, Oracle (Chrono Boost)  
  47  3:49  Probe  
  47  3:51  Probe, Gateway  
  47  3:52  Gateway  
  47  3:53  Pylon  
  49  4:01  Probe  
  50  4:03  Probe  
  51  4:16  Probe (Chrono Boost)  
  49  4:18  Probe (Chrono Boost)  
  49  4:22  Phoenix, Nexus  
  49  4:24  Pylon  
  51  4:25  Probe (Chrono Boost)  
  51  4:26  Assimilator  
  51  4:28  Probe (Chrono Boost), Assimilator  
  51  4:30  Probe (Chrono Boost)  
  53  4:36  Twilight Council  
  53  4:37  Probe  
  55  4:38  Robotics Facility  
  55  4:40  Forge  
  55  4:43  Probe  
  56  4:50  Probe  
  57  4:54  Stalker x2  
  57  4:55  Probe, Sentry  
  57  4:56  Pylon  
  64  5:02  Probe  
  65  5:07  Probe  
  65  5:09  Pylon  
  65  5:14  Probe  
  67  5:15  Phoenix (Chrono Boost)  
  67  5:16  Protoss Ground Weapons Level 1  
  67  5:19  Probe  
  70  5:29  Robotics Bay  
  70  5:32  Zealot, Stalker  
  70  5:33  Probe, Zealot  
  75  5:36  Probe  
  75  5:39  Probe  
  77  5:45  Phoenix (Chrono Boost), Probe  
  77  5:48  Probe  
  80  5:52  Observer (Chrono Boost)  
  81  5:57  Probe  
  81  5:58  Probe  
  81  6:00  Pylon  
  81  6:03  Phoenix  
  83  6:06  Probe, Pylon  
  83  6:09  Probe  
  84  6:19  Colossus (Chrono Boost)  
  90  6:26  Shield Battery  
  90  6:28  Shield Battery  
  90  6:32  Gateway x2  
  90  6:33  Gateway  
  90  6:34  Gateway  
  90  6:35  Sentry  
  90  6:37  Zealot x2  
  90  6:38  Probe  
  90  6:39  Probe x2  
  99  6:48  Shield Battery x2  
  98  6:55  Colossus (Chrono Boost)  
  98  7:00  Probe x3  
  106  7:09  Stalker  
  106  7:10  Stalker x2  
  94  7:26  Stalker  
  94  7:27  Probe  
  75  7:30  Probe  
  75  7:31  Stalker x3  
  75  7:32  Zealot  
  75  7:33  Zealot x2  
  75  7:35  Probe  
  68  7:40  Probe  
Show
View Real Time Build Order
Export as new Build Order

Clem Terran - Winner!

Build Orders: Reaper Expand 

Get SALT Encoding   

  12  0:00  SCV  
  13  0:12  SCV  
  14  0:17  Supply Depot  
  14  0:25  SCV  
  15  0:38  SCV  
  15  0:40  Barracks  
  16  0:43  Refinery  
  16  0:50  SCV  
  17  1:02  SCV  
  18  1:14  SCV  
  19  1:29  Orbital Command, Reaper  
  20  1:41  Command Center  
  20  1:55  Supply Depot  
  20  1:56  SCV  
  20  2:01  Marine  
  22  2:08  SCV  
  22  2:10  Factory  
  23  2:18  Refinery  
  23  2:20  Barracks Reactor  
  23  2:21  SCV  
  24  2:33  SCV  
  25  2:46  SCV  
  26  2:55  Widow Mine  
  26  2:56  Marine x2, Starport  
  26  2:57  Orbital Command  
  30  3:01  SCV  
  31  3:14  Marine x2  
  31  3:15  SCV  
  31  3:16  Widow Mine  
  36  3:20  Supply Depot  
  36  3:23  SCV  
  37  3:28  SCV  
  37  3:33  Viking  
  40  3:34  Marine  
  40  3:35  SCV  
  40  3:40  SCV  
  42  3:41  Factory Tech Lab  
  42  3:45  Marine  
  42  3:47  SCV  
  44  3:50  Supply Depot  
  44  3:52  SCV  
  46  3:59  SCV  
  46  4:04  SCV  
  46  4:06  Barracks  
  46  4:07  Barracks  
  45  4:10  Marine  
  45  4:11  Marine, SCV  
  45  4:16  SCV  
  49  4:21  Raven  
  49  4:22  Factory Tech Lab  
  49  4:23  SCV  
  51  4:28  Supply Depot  
  51  4:29  Marine x2, SCV  
  54  4:39  Engineering Bay  
  54  4:41  SCV, Supply Depot  
  54  4:45  SCV  
  56  4:47  Marine x2  
  56  4:48  Refinery  
  56  4:49  Factory Reactor  
  56  4:52  Supply Depot  
  58  4:53  SCV  
  58  4:57  SCV  
  60  5:03  Supply Depot  
  60  5:04  Stimpack  
  60  5:05  SCV, Marauder  
  60  5:06  Terran Infantry Weapons Level 1  
  63  5:09  SCV  
  64  5:15  Marine x2, Combat Shield  
  64  5:19  SCV, Marauder  
  69  5:24  Supply Depot  
  69  5:26  SCV  
  69  5:27  Refinery  
  70  5:31  Marauder  
  70  5:35  Marine x2  
  74  5:36  SCV  
  74  5:38  Starport Reactor  
  74  5:39  Supply Depot  
  74  5:41  Widow Mine  
  74  5:42  SCV, Widow Mine  
  80  5:48  SCV  
  79  5:53  Marine x2  
  81  5:58  SCV  
  81  6:00  SCV, Supply Depot  
  81  6:01  Marauder x2  
  89  6:04  Widow Mine  
  89  6:06  Widow Mine  
  89  6:11  Marine  
  91  6:13  Marine  
  91  6:15  Medivac x2  
  91  6:17  SCV x2  
  99  6:23  Supply Depot, Marauder  
  99  6:24  Marauder  
  101  6:32  Command Center  
  101  6:34  Concussive Shells  
  101  6:35  Marine x2  
  103  6:40  Supply Depot, Widow Mine  
  103  6:42  Widow Mine  
  103  6:45  Marauder  
  109  6:48  Marauder  
  109  6:52  Medivac x2  
  115  6:56  Marine x2, Supply Depot  
  115  6:59  SCV  
  117  7:05  Barracks, Widow Mine  
  117  7:11  Marauder x2  
  119  7:18  Marine x2  
  119  7:20  SCV  
  115  7:23  Widow Mine  
  115  7:27  SCV  
  114  7:30  Widow Mine  
  114  7:33  Marauder x2  
Tags
 
Add a new tag
Caveats
  • Supply blocks, unpowered buildings, or Contaminate may cause inaccurate times.
  • Supply counts are checked every 10 seconds.